AoeStats
← MkobeW

Arabia

510256717Analyzed
3v3 RM · 9h ago on Sep 30, 2026· 25m 52s· 6 players
Game mode
Random Map
Map size
Normal (6 player)
Population
200
Speed
Normal
Resources
Standard
Victory
Conquest
Starting age
Dark Age
Ending age
Imperial Age
RankedLock teamsTeams togetherTeam positionsShared explorationLock speedFull tech treeHidden civsTurbo modeCheats
Victory
Defeat
🇺🇸 Ethiopians · United States
1333
+22
🇹🇼 Huns · Taiwan
1288
+12
🇦🇷 Mongols · Argentina
1035
+22
🇹🇷 Maya · Türkiye
1273
-18
🇵🇪 Inca · Peru
1173
-14
1149
-13
سلام عليكم Salam Alaiku
7:10 Loom
10:00 Feudal Age
10:28 Double-Bit Axe
18:04 Fletching
AdamSvp21
6:46 Loom
9:26 Feudal Age
16:54 Fletching
22:31 Castle Age
21:35 Padded Archer Armor
21:43 Double-Bit Axe
21:40 Horse Collar
21:52 Gold Mining
22:59 Crossbowman
23:35 Bodkin Arrow
24:18 Town Watch
25:28 Wheelbarrow
Nidhogg
0:28 Loom
10:35 Feudal Age
11:11 Double-Bit Axe
12:37 Horse Collar
16:53 Wheelbarrow
17:37 Forging
17:28 Scale Mail Armor
20:17 Gold Mining
MkobeW
7:01 Loom
9:34 Feudal Age
12:48 Fletching
20:09 Castle Age
18:21 Horse Collar
19:28 Gold Mining
20:48 Bodkin Arrow
20:19 Crossbowman
23:11 Ballistics
22:55 Double-Bit Axe
24:29 Thumb Ring
25:40 Padded Archer Armor
IAMDAGG
9:41 Feudal Age
19:37 Scale Barding Armor
19:35 Padded Archer Armor
19:49 Town Watch
23:08 Castle Age
21:35 Double-Bit Axe
21:33 Horse Collar
23:33 Bloodlines
25:33 Scale Barding Armor
0xLexA.23
5:51 Loom
8:51 Feudal Age
9:57 Double-Bit Axe
12:36 Forging
12:31 Scale Barding Armor
14:25 Bloodlines
20:24 Castle Age
18:45 Horse Collar
18:56 Gold Mining
21:20 Bow Saw
20:56 Light Cavalry
23:13 Heavy Plow
24:24 Iron Casting
26:28 Wheelbarrow
Connection lost

Rejoining the realm…

Still unreachable

The connection could not be restored.

Session expired

The server has moved on; the page needs a fresh start.